Map: Romanticide LE

Players

milkicow

  • Race: Terran Terran
  • League: Grandmaster
  • Spawn Location: 5:00

GOStephano (Stephano) - Winner!

  • Race: Zerg Zerg
  • League: Grandmaster
  • Spawn Location: 11:00

Event: DreamHack SC2 Masters 2020 Winter

VOD

Have the link to the VOD?

Description

Time

  • Played on: Oct. 23, 2020, 2:02 p.m.
  • Length: 11:45

All games in this series

Show
View Real Time Build Order
Export as new Build Order

milkicow Terran 

Build Orders: Reaper Expand, Banshee Rush 

Get SALT Encoding   

  12  0:00  SCV  
  13  0:12  SCV  
  14  0:17  Supply Depot  
  14  0:25  SCV  
  15  0:39  SCV  
  15  0:40  Barracks  
  16  0:45  Refinery  
  16  0:51  SCV  
  17  1:03  SCV  
  18  1:15  SCV  
  19  1:28  Orbital Command, Reaper  
  20  1:38  Command Center  
  20  1:47  Supply Depot  
  20  1:54  SCV  
  21  2:01  Reaper  
  22  2:07  SCV  
  23  2:20  SCV  
  24  2:22  Factory  
  24  2:26  Refinery  
  24  2:32  SCV  
  25  2:42  Barracks Reactor  
  25  2:44  SCV  
  26  2:51  Orbital Command  
  26  2:56  SCV  
  26  2:58  Orbital Command  
  27  3:07  Starport, Hellion  
  27  3:09  SCV  
  30  3:21  SCV  
  30  3:22  Marine  
  30  3:24  Marine  
  33  3:29  SCV  
  33  3:31  Factory Tech Lab  
  33  3:33  SCV  
  35  3:41  SCV, Supply Depot  
  37  3:45  SCV  
  37  3:53  SCV, Cloaking Field  
  37  3:54  Banshee  
  41  3:56  Hellion x2  
  41  3:57  SCV  
  46  4:04  Barracks Tech Lab  
  46  4:05  SCV  
  46  4:06  Supply Depot  
  46  4:09  SCV  
  48  4:12  Command Center  
  48  4:17  SCV  
  48  4:20  Hellion x2  
  48  4:21  SCV  
  54  4:27  Stimpack  
  54  4:28  Marine  
  54  4:29  SCV  
  56  4:33  SCV  
  56  4:38  Banshee  
  60  4:41  SCV  
  60  4:43  Engineering Bay  
  60  4:44  Refinery  
  60  4:45  SCV, Engineering Bay  
  61  4:46  Refinery  
  60  4:53  SCV  
  60  4:57  SCV  
  62  5:02  Supply Depot  
  62  5:12  Barracks  
  62  5:13  Terran Infantry Weapons Level 1  
  62  5:15  Terran Infantry Armor Level 1  
  62  5:16  Barracks  
  62  5:20  Factory Reactor  
  62  5:23  Marine, SCV x2  
  64  5:30  Banshee  
  64  5:32  Orbital Command  
  68  5:35  SCV x2  
  68  5:36  Supply Depot  
  68  5:41  Marine  
  69  5:47  SCV x2, Barracks x2  
  71  5:51  Supply Depot  
  71  5:55  Orbital Command  
  71  5:59  Marine, SCV x2  
  75  6:06  Marine, Factory Tech Lab  
  75  6:08  Combat Shield  
  75  6:09  Marine  
  76  6:12  SCV x2  
  76  6:16  Marine  
  79  6:18  Marine  
  79  6:21  Marine  
  79  6:23  SCV  
  79  6:24  SCV x2, Marine  
  85  6:27  Marine  
  83  6:33  Armory  
  83  6:35  SCV  
  83  6:36  Marine  
  83  6:37  Siege Tank  
  83  6:39  Barracks Reactor  
  88  6:40  Barracks Reactor  
  88  6:41  SCV  
  88  6:43  Supply Depot  
  88  6:45  Supply Depot x2  
  88  6:46  Starport Reactor  
  89  6:48  Refinery  
  89  6:49  Factory  
  89  6:50  Marine  
  90  6:54  Marine  
  90  6:56  SCV x2  
  90  6:57  SCV, Marine  
  90  6:58  Marine  
  94  7:05  Marine  
  94  7:08  Marine, SCV  
  94  7:09  SCV x2  
  94  7:12  Marine  
  94  7:13  Siege Tank  
  94  7:15  Marine x2  
  101  7:16  Marine  
  101  7:17  Marine  
  101  7:20  SCV  
  101  7:21  SCV, Terran Infantry Weapons Level 2, Supply Depot  
  101  7:22  Terran Infantry Armor Level 2, Supply Depot  
  106  7:24  Marine  
  106  7:27  Medivac x2  
  106  7:29  SCV  
  112  7:32  Refinery  
  112  7:35  Marine  
  112  7:36  Marine, Supply Depot  
  114  7:42  Marine  
  114  7:43  Marine  
  116  7:45  Marine x2  
  116  7:46  Siege Tank  
  116  7:47  Marine, Factory Reactor  
  116  7:49  Marine  
  117  7:51  Marine  
  117  7:52  Marine  
  117  7:58  Marine  
  114  8:00  Marine  
  114  8:01  Medivac x2, Marine, SCV  
  114  8:02  Marine  
  114  8:03  Marine  
  114  8:05  Marine  
  117  8:07  Marine  
  117  8:09  Marine  
  117  8:11  Marine  
  117  8:12  SCV  
  103  8:14  SCV  
  103  8:19  SCV  
  91  8:20  Marine  
  91  8:25  SCV  
  91  8:26  Marine  
  92  8:28  SCV  
  93  8:34  SCV  
  93  8:37  SCV  
  93  8:39  Marine x2  
  93  8:40  Marine  
  98  8:41  SCV  
  98  8:44  Marine  
  98  8:45  Marine  
  98  8:46  SCV  
  98  8:47  Marine x2  
  98  8:48  Marine x2  
  103  8:49  SCV  
  103  8:53  SCV  
  106  8:57  Marine  
  106  8:58  Marine, SCV  
  106  8:59  Supply Depot  
  106  9:00  Marine, Supply Depot  
  110  9:03  Marine  
  110  9:07  Marine  
  110  9:09  Marine x4  
  109  9:14  SCV x2, Marine  
  109  9:15  Marine, SCV  
  113  9:20  Marine  
  113  9:21  Siege Tank, Marine  
  113  9:22  Widow Mine  
  119  9:25  Marine  
  119  9:26  Marine  
  119  9:27  Marine  
  119  9:28  Widow Mine  
  119  9:29  SCV  
  117  9:34  Marine  
  117  9:35  SCV  
  117  9:36  Marine  
  117  9:37  Command Center  
  115  9:40  Marine  
  115  9:42  SCV  
  115  9:43  Marine  
  118  9:46  SCV  
  118  9:48  SCV  
  120  9:54  Widow Mine x2  
  120  9:57  SCV  
  125  10:00  SCV  
  125  10:02  SCV  
  127  10:09  SCV  
  127  10:11  Marine  
  127  10:12  Marine x2, Supply Depot  
  127  10:13  SCV, Marine x3  
  135  10:14  Medivac  
  135  10:18  Supply Depot  
  135  10:19  Supply Depot, Marine  
  135  10:20  SCV  
  135  10:21  Marine  
  140  10:30  SCV  
  140  10:31  SCV  
  140  10:34  Marine x7  
  148  10:36  Widow Mine  
  148  10:37  Widow Mine, Marine  
  148  10:40  Marine  
  148  10:42  Widow Mine  
  143  10:46  Supply Depot  
  143  10:47  SCV  
  143  10:48  SCV  
  145  10:52  Marine x6, SCV  
  145  10:54  Marine  
  145  10:55  Marine  
  154  10:57  Widow Mine  
  154  10:59  SCV  
  154  11:00  Widow Mine, SCV  
  154  11:03  Widow Mine, Marine  
  157  11:10  Marine  
  157  11:11  Marine  
  142  11:12  Marine  
  142  11:16  Marine  
  142  11:17  Marine x4  
  142  11:18  SCV  
  119  11:20  SCV  
  119  11:21  Marine  
  97  11:26  SCV  
Show
View Real Time Build Order
Export as new Build Order

GOStephano Zerg - Winner!

Build Orders: Hatch First 

Get SALT Encoding   

  12  0:00  Drone  
  13  0:12  Overlord  
  13  0:17  Drone  
  14  0:30  Drone x2  
  16  0:48  Hatchery  
  15  0:50  Drone  
  15  0:53  Drone  
  18  0:57  Drone  
  18  1:07  Extractor  
  17  1:12  Spawning Pool  
  17  1:15  Drone  
  17  1:19  Drone  
  18  1:28  Drone  
  19  1:38  Drone  
  20  1:50  Drone  
  21  1:59  Queen x2  
  21  2:00  Zergling x2  
  21  2:01  Zergling x2  
  27  2:10  Drone  
  27  2:11  Overlord  
  28  2:19  Hatchery  
  28  2:22  Drone  
  28  2:33  Drone x3  
  31  2:37  Queen  
  33  2:45  Drone  
  33  2:46  Metabolic Boost  
  33  2:50  Overlord  
  34  2:55  Drone x2  
  36  3:07  Queen  
  36  3:09  Drone x2  
  36  3:12  Drone  
  41  3:14  Drone, Queen  
  44  3:33  Queen  
  46  3:35  Drone x2  
  46  3:36  Drone  
  46  3:37  Drone  
  50  3:44  Overlord  
  50  3:45  Overlord  
  50  4:00  Overlord  
  50  4:01  Queen  
  52  4:05  Zergling x8  
  52  4:07  Drone x2  
  58  4:19  Drone x4  
  58  4:23  Drone x2  
  58  4:24  Drone x2  
  66  4:27  Evolution Chamber, Drone, Overlord  
  66  4:29  Evolution Chamber  
  65  4:35  Drone, Spore Crawler  
  65  4:37  Spore Crawler  
  64  4:41  Drone x2  
  66  4:46  Zergling x6  
  66  4:48  Drone x2  
  66  4:49  Drone x3  
  74  4:55  Spore Crawler  
  74  4:56  Drone  
  74  4:57  Zerg Melee Weapons Level 1, Zerg Ground Armor Level 1  
  74  4:58  Overlord x2  
  74  5:05  Extractor  
  74  5:06  Extractor  
  72  5:12  Drone x2  
  74  5:20  Drone x6  
  80  5:25  Drone x4  
  80  5:26  Drone  
  80  5:27  Drone x2  
  87  5:30  Lair  
  87  5:31  Drone x2, Hatchery  
  87  5:35  Overlord  
  87  5:37  Extractor  
  87  5:38  Extractor  
  87  5:39  Overlord  
  87  5:41  Drone x2  
  87  5:50  Baneling Nest  
  87  5:52  Drone x2  
  87  5:54  Hatchery  
  87  6:07  Zergling x2, Overlord  
  87  6:08  Zergling x14  
  94  6:16  Overlord  
  94  6:17  Spore Crawler  
  93  6:20  Spore Crawler  
  93  6:21  Overlord  
  93  6:22  Spore Crawler  
  93  6:23  Overlord  
  93  6:25  Spore Crawler, Overlord  
  93  6:26  Drone x2  
  93  6:30  Zergling x10  
  101  6:35  Centrifical Hooks  
  101  6:36  Baneling  
  101  6:37  Baneling x5  
  101  6:41  Zergling x14  
  101  6:44  Infestation Pit  
  106  6:58  Zergling x20  
  116  7:02  Zerg Melee Weapons Level 2, Zerg Ground Armor Level 2  
  116  7:03  Overseer  
  116  7:07  Baneling x4  
  116  7:10  Drone x7  
  123  7:23  Drone x2  
  123  7:24  Hive  
  123  7:25  Drone x4  
  123  7:26  Extractor  
  123  7:28  Zergling x16  
  136  7:34  Baneling x9  
  136  7:43  Zergling x14  
  137  7:52  Zergling x12  
  137  8:06  Zergling x18  
  140  8:19  Hatchery, Zergling x18  
  144  8:26  Zergling x12  
  144  8:37  Zergling x14  
  144  8:40  Baneling x4  
  144  8:41  Baneling x19  
  147  8:50  Zergling x2  
  147  8:51  Zergling x18  
  154  8:56  Ultralisk Cavern  
  152  9:03  Zergling x4  
  152  9:04  Zergling x8  
  156  9:15  Spore Crawler  
  156  9:16  Spore Crawler  
  152  9:21  Overlord  
  152  9:24  Drone x3  
  152  9:28  Pneumatized Carapace  
  152  9:29  Drone  
  156  9:31  Drone x4  
  156  9:32  Drone x3  
  156  9:34  Zergling x6  
  156  9:36  Overlord  
  156  9:38  Overlord x4  
  164  9:40  Adrenal Glands  
  163  9:52  Drone x4  
  167  9:54  Drone, Unknown  
  167  9:55  Drone x2  
  169  10:00  Chitinous Plating  
  169  10:04  Spire  
  168  10:16  Extractor, Zergling x44  
  168  10:17  Extractor  
  168  10:19  Overlord  
  168  10:20  Overlord  
  178  10:42  Ultralisk x3  
  193  10:43  Hatchery  
  193  10:48  Ultralisk  
  193  11:16  Zergling x12  
  193  11:17  Zergling x6  
  184  11:30  Spire  
  165  11:33  Overseer x3  
Tags
 
Add a new tag
Caveats
  • Supply blocks, unpowered buildings, or Contaminate may cause inaccurate times.
  • Supply counts are checked every 10 seconds.